 Dungeon Crawl Stone Soup version 0.22-a0-252-gcace5d2 (webtiles) character file.

246 tilp the Chiller (level 6, -19/41 HPs)
             Began as a Merfolk Ice Elementalist on Mar 2, 2018.
             Demolished by an ogre
             ... wielding a +0 giant club
              (28 damage)
             ... on level 4 of the Dungeon.
             The game lasted 00:08:10 (3884 turns).

tilp the Chiller (Merfolk Ice Elementalist)         Turns: 3884, Time: 00:08:10

Health: -19/41     AC:  9    Str:  8    XL:     6   Next: 11%
Magic:  4/9        EV: 13    Int: 17    God:
Gold:   202        SH:  0    Dex: 14    Spells: 3/9 levels left

rFire    . . .     SeeInvis .   e - +0 dagger
rCold    . . .     Gourm    .   (no shield)
rNeg     . . .     Faith    .   a - +0 robe
rPois    .         Spirit   .   (no helmet)
rElec    .         Reflect  .   s - +0 cloak
rCorr    .         Harm     .   (no gloves)
MR       .....                  (no boots)
Stlth    ++........             (no amulet)
HPRegen  0.13/turn              (no ring)
MPRegen  0.11/turn              (no ring)

@: icy armour, slow
A: change form in water, swift swim, stealthy swim
a: no special abilities


You were on level 4 of the Dungeon.
You were very hungry.

You visited 1 branch of the dungeon, and saw 4 of its levels.

You collected 202 gold pieces.

Inventory:

Hand Weapons
 b - a cursed -2 club
 e - a +0 dagger (weapon)
 r - a +0 trident
Missiles
 h - 169 stones (quivered)
 t - 16 sling bullets
Armour
 a - a +0 robe (worn)
 s - a +0 cloak (worn)
Jewellery
 q - an uncursed ring of flight {unknown}
Scrolls
 d - 3 scrolls of noise {unknown}
 g - 2 scrolls of amnesia {unknown}
 i - 2 scrolls of teleportation
 j - a scroll of random uselessness {unknown}
 k - 2 scrolls of remove curse
 l - a scroll of blinking {unknown}
 m - a scroll of enchant armour {unknown}
 o - a scroll of fog {unknown}
 u - a scroll of identify {unknown}
Potions
 n - a potion of curing
Comestibles
 c - 9 rations


   Skills:
 - Level 2.6 Dodging
 - Level 2.1 Stealth
 - Level 2.0 Spellcasting
 - Level 0.7 Conjurations
 + Level 7.3 Ice Magic


You had 3 spell levels left.
You knew the following spells:

 Your Spells              Type           Power        Failure   Level  Hunger
a - Freeze                Ice            ####         1%          1    #......
b - Throw Frost           Conj/Ice       ###...       5%          2    ###....
c - Ozocubu's Armour      Chrm/Ice       ##......     13%         3    ###....


Dungeon Overview and Level Annotations

Branches:
Dungeon (4/15)
 Temple: D:4-7

Altars:
Dithmenos
Fedhas
Wu Jian
Xom

Annotations:
D:4 Menkaure; Moebius's ghost, amateur OpVM


Message History

Your icy armour thickens.
The ogre misses you.
It was a potion of curing.
You feel better. The ogre hits you with a giant club!!
Ouch! That really hurt!
* * * LOW HITPOINT WARNING * * *
It was a potion of cancellation.
Your magical effects are unravelling.
You feel magically purged.
Your icy armour evaporates.
The ogre completely misses you.
Casting: Ozocubu's Armour (safe; 13% risk of failure)
Confirm with . or Enter, or press ? or * to list all spells.
A film of ice covers your body!
You are feeling very hungry.
The ogre closely misses you.
Found a stone staircase leading down.
Found a ration.
The ogre hits you with a giant club!!
Ouch! That really hurt!
You die...

.# ...#..##....######## ..
###.#..#..##........# .
...........#.......# .
#.........#.......# ..##
####.........#.......#...
..........>.......#...........
.....####.........##.#.####..
.#.#............<.##.#.#
..........[.....@.##...#
................O.##.###
................l.##l#
..................#..##
.............###.##...#
#.######..............#
#...............>..
#>....##.....#.##...
#....###..##.#... ..


You could see an ogre and a leopard gecko.

Vanquished Creatures
  An ogre (D:4)
  A worker ant (D:3)
  6 adders
  2 worms
  An adder skeleton (D:4)
  2 leopard geckos (D:1)
  An orc (D:3)
  7 bats
  4 giant cockroaches
  11 goblins
  7 hobgoblins
  8 jackals
  3 ball pythons
  5 frilled lizards
  7 kobolds
  A quokka skeleton (D:4)
  2 rats
69 creatures vanquished.

Notes
Turn   | Place    | Note
-------+----------+-------------------------------------------
     0 | D:1      | tilp the Merfolk Ice Elementalist began the quest for the Orb.
     0 | D:1      | Reached XP level 1. HP: 13/13 MP: 3/3
   171 | D:1      | Reached XP level 2. HP: 17/19 MP: 5/5
   181 | D:1      | Reached skill level 4 in Ice Magic
   864 | D:1      | Reached XP level 3. HP: 24/24 MP: 4/6
   868 | D:1      | Learned a level 2 spell: Throw Frost
   872 | D:1      | Learned a level 3 spell: Ozocubu's Armour
  1168 | D:2      | Reached skill level 5 in Ice Magic
  1622 | D:2      | Reached XP level 4. HP: 28/30 MP: 5/7
  2586 | D:3      | Reached skill level 6 in Ice Magic
  2592 | D:3      | Reached XP level 5. HP: 16/35 MP: 2/8
  2948 | D:3      | Found an ornate altar of the Wu Jian Council.
  3652 | D:4      | Noticed an ogre
  3652 | D:4      | Noticed an ogre
  3700 | D:4      | Found a blossoming altar of Fedhas.
  3719 | D:4      | Found a shadowy altar of Dithmenos.
  3723 | D:4      | Noticed Menkaure
  3736 | D:4      | Found a shimmering altar of Xom.
  3761 | D:4      | Noticed Moebius's ghost (amateur OpVM)
  3764 | D:4      | Killed an ogre
  3764 | D:4      | Reached skill level 7 in Ice Magic
  3764 | D:4      | Reached XP level 6. HP: 38/41 MP: 0/9
  3884 | D:4      | Demolished by an ogre

Vault maps used:
D:1:      sevenhm_arrival_forest_fort_small_6, minmay_misc_feat_square
D:2:      minmay_kobold_bridge
D:3:      lemuel_doored_altar
D:4:      old_standard_altar, fedhas_altar_1, minmay_temple_entry_poolview,
          serial_corexii_hall, corexii_hall_statues_x, corexii_hall_statues_x,
          nicolae_dithmenos_through_a_glass_darkly, uniq_menkaure, uniq_ijyb

Skill      XL: |  1  2  3  4  5 |
---------------+----------------+-----
Ice Magic      | 4 5 6 7 |  7.3
Dodging        | |  2.6
Stealth        | |  2.1
Spellcasting   | |  2.0
Conjurations   | |  0.7

Action                   |  1- 3 |  4- 6 || total
-------------------------+-------+-------++-------
Melee: Dagger            |    41 |    64 ||   105
Throw: Stone             |       |     4 ||     4
 Cast: Freeze            |    44 |    47 ||    91
       Ozocubu's Armour  |     1 |     8 ||     9
  Use: Scroll            |       |     2 ||     2
       Potion            |       |     2 ||     2
 Stab: Sleeping          |     6 |     4 ||    10
  Eat: Chunk             |     3 |     8 ||    11
Armor: Robe              |    12 |    20 ||    32
Dodge: Dodged            |    61 |    86 ||   147

Table legend:
 A = Spawn XP
 B = Non-spawn XP
 C = Spawn XP percentage of total XP
 D = Spawn monster count
 E = Non-spawn monster count
 F = Spawn count percentage of total count
 G = Total turns spent on level
                    A         B        C        D         E        F      G
               +---------+---------+-------+---------+---------+-------+---------
         Total |       0 |     352 |   0.0 |       0 |      69 |   0.0 |  3884
               +---------+---------+-------+---------+---------+-------+---------
           D:1 |       0 |      37 |   0.0 |       0 |      21 |   0.0 |   943
           D:2 |       0 |      72 |   0.0 |       0 |      25 |   0.0 |  1472
           D:3 |       0 |     119 |   0.0 |       0 |      20 |   0.0 |  1346
           D:4 |       0 |     124 |   0.0 |       0 |       3 |   0.0 |   123
               +---------+---------+-------+---------+---------+-------+---------
